AoeStats
← Lynchburg

Arabia

510528740Analyzed
1v1 RM · 19h ago on Oct 1, 2026· 43m 35s· 2 players
Game mode
Random Map
Map size
Tiny (2 player)
Population
200
Speed
Normal
Resources
Standard
Victory
Conquest
Starting age
Dark Age
Ending age
Imperial Age
RankedLock teamsTeams togetherTeam positionsShared explorationLock speedFull tech treeHidden civsTurbo modeCheats
Victory
Defeat
🇩🇪 Vietnamese · Germany
1015
+14
🇹🇷 Franks · Türkiye
974
-14
Lynchburg
10:07 Feudal Age
13:43 Scale Barding Armor
20:39 Castle Age
18:54 Double-Bit Axe
19:32 Forging
21:40 Gold Mining
22:31 Husbandry
26:25 Chain Barding Armor
29:08 Iron Casting
34:41 Imperial Age
33:06 Fletching
34:57 Ballistics
35:58 Padded Archer Armor
35:48 Cavalier
36:58 Town Watch
38:54 Bodkin Arrow
39:35 Plate Barding Armor
38:57 Elite Throwing Axeman
40:21 Conscription
40:53 Paladin
42:27 Elite Skirmisher
padi29
6:03 Loom
9:20 Feudal Age
10:34 Double-Bit Axe
15:48 Fletching
15:47 Horse Collar
21:33 Castle Age
20:16 Padded Archer Armor
20:48 Scale Mail Armor
21:41 Wheelbarrow
22:45 Bow Saw
22:37 Heavy Plow
22:03 Crossbowman
22:49 Thumb Ring
22:20 Pikeman
23:28 Bodkin Arrow
24:11 Gold Mining
25:51 Scale Barding Armor
26:03 Chain Mail Armor
26:12 Hand Cart
27:07 Leather Archer Armor
27:09 Stone Mining
27:18 Town Watch
34:06 Imperial Age
33:44 Elite Skirmisher
34:36 Forging
34:29 Squires
35:14 Stone Shaft Mining
34:27 Arbalester
38:10 Two-Man Saw
38:26 Bracer
38:57 Ring Archer Armor
39:30 Chemistry
38:50 Ballistics
39:32 Chemistry
41:44 Plate Mail Armor
41:50 Iron Casting
41:18 Halberdier
Connection lost

Rejoining the realm…

Still unreachable

The connection could not be restored.

Session expired

The server has moved on; the page needs a fresh start.